 Dungeon Crawl Stone Soup version 0.20.1-1-g8b1a95d (webtiles) character file.

32 vishdafish the Skirmisher (level 3, 0/29 HPs)
             Began as a Demonspawn Fighter on Sept 16, 2017.
             Slain by an adder (1 damage)
             ... on level 2 of the Dungeon.
             The game lasted 00:03:31 (755 turns).

vishdafish the Skirmisher (Demonspawn Fighter)       Turns: 755, Time: 00:03:31

Health: 0/29       AC:  6    Str: 17    XL:     3   Next: 8%
Magic:  3/3        EV:  9    Int:  9    God:
Gold:   79         SH:  8    Dex: 12    Spells: 2/2 levels left

rFire    . . .     SeeInvis .   a - +0 long sword
rCold    . . .     Gourm    .   c - +0 shield
rNeg     . . .     Faith    .   b - +0 scale mail
rPois    .         Spirit   .   (no helmet)
rElec    .         Reflect  .   (no cloak)
rCorr    .         Harm     .   (no gloves)
MR       .....                  (no boots)
Stlth    ..........             o - amulet of inaccuracy (curse)
Regen    0.1/turn               (no ring)
MPRegen  0.1/turn               (no ring)

@: lethally poisoned (0 -> -3), flying
A: repulsion field 1, demonic guardian 1
a: no special abilities


You were on level 2 of the Dungeon.
You were not hungry.

You visited 1 branch of the dungeon, and saw 3 of its levels.

You collected 79 gold pieces.

Inventory:

Hand Weapons
 a - a +0 long sword (weapon)
 l - a +0 hunting sling
Armour
 b - a +0 scale mail (worn)
 c - a +0 shield (worn)
Jewellery
 m - an uncursed ring of ice
 o - a cursed amulet of inaccuracy (around neck)
Scrolls
 e - a scroll of amnesia {unknown}
 g - a scroll of fear {unknown}
 i - a scroll of fog {unknown}
 j - a scroll of enchant weapon {unknown}
 k - a scroll of enchant armour {unknown}
 q - a scroll of immolation {unknown}
 r - a scroll of identify {unknown}
Potions
 d - a potion of might
Comestibles
 f - 2 bread rations
 n - a royal jelly


   Skills:
 + Level 3.3 Fighting
 * Level 2.3 Long Blades
 + Level 2.8 Armour
 * Level 0.8 Dodging
 + Level 2.9 Shields


You had 2 spell levels left.
You didn't know any spells.

Dungeon Overview and Level Annotations

Branches:
Dungeon (3/15)

Altars:
Ru


Innate Abilities, Weirdness & Mutations

You are surrounded by a mild repulsion field. (EV +2)
A weak demonic guardian rushes to your aid.


Message History

The adder is heavily wounded.
* * * LOW HITPOINT WARNING * * *
You feel sick. You block the adder's attack. The adder barely misses you.
You closely miss the adder.
The adder is heavily wounded.
The adder misses you.
You closely miss the adder.
The adder is heavily wounded.
The adder misses you.
You riposte.
You miss the adder.
The adder is heavily wounded.
You block the adder's attack.
You miss the adder.
The adder is heavily wounded.
* * * LOW HITPOINT WARNING * * *
You feel sick. The adder bites you but does no damage. The adder bites you.
* * * LOW HITPOINT WARNING * * *
You closely miss the adder.
The adder is heavily wounded.
The adder bites you.
You die...

######## ####
#......# ...##
#..≈.≈.# ....##
#.≈.≈.≈# .....#
#.#..S## .....#
#.#.≈@# ...(.#
#.#...# .....#
####.#.≈.# .....#
#....#...# ....##
#....#.≈.# .....#
#...†#...#
<.)..####....#≈_≈#
............(#≈≈≈#
.....###.....#####


You could see an adder.

Vanquished Creatures
  2 giant cockroaches
  3 goblins (D:1)
  9 hobgoblins
  A ball python (D:1)
  4 bats (D:1)
  3 frilled lizards (D:1)
  A kobold (D:1)
23 creatures vanquished.

Vanquished Creatures (collateral kills)
  An adder (D:2)
1 creature vanquished.

Grand Total: 24 creatures vanquished

Notes
Turn   | Place    | Note
-------+----------+-------------------------------------------
     0 | D:1      | vishdafish the Demonspawn Fighter began the quest for the Orb.
     0 | D:1      | Reached XP level 1. HP: 18/18 MP: 1/1
   201 | D:1      | Gained mutation: A weak demonic guardian rushes to your aid. [demonic ancestry]
   201 | D:1      | Reached XP level 2. HP: 24/24 MP: 2/2
   737 | D:2      | Gained mutation: You are surrounded by a mild repulsion field. (EV +2) [demonic ancestry]
   737 | D:2      | Reached XP level 3. HP: 8/29 MP: 3/3
   747 | D:2      | Found a sacrificial altar of Ru.
   754 | D:2      | HP: 1/29 [adder (1)]
   755 | D:2      | Slain by an adder

Skill      XL: |  1 |
---------------+----+-----
Long Blades    | 2 |  2.3
Fighting       | |  3.3
Armour         | |  2.8
Dodging        | |  0.8
Shields        | |  2.9

Action                   || total
-------------------------++-------
Melee: Long sword        ||   103
Throw: Throwing net      ||     1
  Use: Potion            ||     1
Armor: Scale mail        ||    52
Dodge: Dodged            ||    43
Block: Shield            ||    56
       Rpst.: Long sword ||    11
